 Dungeon Sprint DCSS version 0.17-b1-36-g7b1967c (webtiles) character file.

11 hexophile the Ruffian (level 2, 0/26 HPs)
             Began as a Ghoul Monk on Nov 6, 2015.
             Was a Believer of Okawaru.
             Slain by a giant gecko (3 damage)
             ... in the Dungeon (Sprint VII: "The Pits").
             The game lasted 00:00:30 (82 turns).

hexophile the Ruffian (Ghoul Monk)                    Turns: 82, Time: 00:00:30

Health: 0/26       AC:  2    Str: 14    XL:     2   Next: 29%
Magic:  1/1        EV: 12    Int:  5    God:    Okawaru [**....]
Gold:   0          SH:  0    Dex: 11    Spells: 0 memorised, 1 level left

rFire  . . .     SeeInvis .       - Unarmed
rCold  + . .     Clarity  .     a - +0 robe
rNeg   + + +     SustAt   .     (no shield)
rPois  ∞         Gourm    .     (no helmet)
rElec  .         Spirit   .     (no cloak)
rCorr  .         Warding  .     (no gloves)
rMut   .         NoTele   +     (no boots)
MR     .....                    (no amulet)
Stlth  ++........               (no ring)
                                (no ring)

@: rotting, not resistant to hostile enchantments, unstealthy
A: rotting body, claws 1, carnivore 3, cold resistance 1, negative energy
resistance 3, slow regeneration 1, torment resistance, unbreathing
a: Heroism, Renounce Religion


You were in the Dungeon.
You worshipped Okawaru.
Okawaru was pleased with you.
You were not hungry.

You visited 1 branch


Innate Abilities, Weirdness & Mutations

Your body is rotting away.
You thrive on raw meat.
You are immune to poison.
You have sharp fingernails.
You are carnivorous and can eat meat at any time.
Your flesh is cold resistant.
You are immune to negative energy.
You regenerate slowly when monsters are visible.
You are immune to unholy pain and torment.
You can survive without breathing.

Inventory:

Armour
 a - a +0 robe (worn)
Scrolls
 h - a scroll of blinking
 k - 3 scrolls of remove curse
 l - a scroll of summoning
Potions
 c - a potion of curing
 d - a potion of heal wounds
 e - a potion of haste
 f - 4 potions of magic
 g - 3 potions of berserk rage
 j - 2 potions of invisibility
Comestibles
 b - 8 meat rations
 i - 40 fruits
 r - 7 bread rations


You had one spell level left.
You didn't know any spells.


   Skills:
 - Level 3.2 Fighting
 - Level 2.6 Dodging
 - Level 2.1 Stealth
 * Level 6.6 Unarmed Combat

Dungeon Overview and Level Annotations

Branches:
Dungeon (1/1)

Altars:
Ashenzari
Cheibriados
Dithmenos
Elyvilon
Fedhas
Gozag
Kikubaaqudgha
Makhleb
Nemelex Xobeh
Okawaru
Qazlal
Ru
Sif Muna
Trog
Vehumet
Xom
Yredelemnul
Zin
The Shining One
Beogh
Jiyva
Lugonu

Vault maps used:
D:        pitsprint
You       could see a giant gecko.


Message History

You scratch the giant cockroach.
The giant cockroach is heavily wounded.
The giant cockroach bites you.
You lost 2 HP.
You have now: 20/26 HP.
You scratch the giant cockroach.
You kill the giant cockroach!
Okawaru accepts your kill. The giant gecko barely misses you.
You miss the giant gecko.
The ball python bites you but does no damage.
The ball python grabs you. The ball python constricts you.
The giant gecko bites you but does no damage.
You scratch the ball python.
You kill the ball python!
Okawaru accepts your kill. The giant gecko bites you.
You lost 3 HP.
You have now: 17/26 HP.
You closely miss the giant gecko. The giant gecko bites you.
You lost 4 HP.
You have now: 13/26 HP.
You scratch the giant gecko.
The giant gecko is almost dead.
The giant gecko closely misses you.
You scratch the giant gecko but do no damage.
The giant gecko is almost dead.
The giant gecko closely misses you.
You closely miss the giant gecko.
The giant gecko is almost dead.
The giant gecko bites you but does no damage.
The worm bites you!
* * * LOW HITPOINT WARNING * * *
!MASSIVE DAMAGE!
YOU LOST 11 HP!
You have now: 2/26 HP.
There is an open door here.
There is an open door here.
The giant gecko closely misses you.
There is an open door here.
You don't have enough magic capacity.
Unknown command.
You barely miss the giant gecko.
The giant gecko is almost dead.
The giant gecko closely misses you.
You barely miss the giant gecko.
The giant gecko is almost dead.
The giant gecko barely misses you.
Unknown command.
You don't have enough magic capacity.
You barely miss the giant gecko.
The giant gecko is almost dead.
The giant gecko bites you.
You die...

Action                   || total
-------------------------++-------
Melee: Unarmed           ||    19
 Stab: Sleeping          ||     2

Notes
Turn   | Place    | Note
--------------------------------------------------------------
     0 | D        | hexophile the Ghoul Monk began the quest for the Orb.
     0 | D        | Reached XP level 1. HP: 19/19 MP: 0/0
    10 | D        | Reached skill level 5 in Unarmed Combat
    20 | D        | Found a sacrificial altar of Ru.
    20 | D        | Found a basalt altar of Yredelemnul.
    20 | D        | Found a shadowy altar of Dithmenos.
    20 | D        | Found a deep blue altar of Sif Muna.
    20 | D        | Found a burning altar of Makhleb.
    20 | D        | Found a shimmering altar of Xom.
    20 | D        | Found an ancient bone altar of Kikubaaqudgha.
    20 | D        | Found a sparkling altar of Nemelex Xobeh.
    21 | D        | Found a glowing golden altar of the Shining One.
    21 | D        | Found a bloodstained altar of Trog.
    21 | D        | Found a shattered altar of Ashenzari.
    21 | D        | Found a white marble altar of Elyvilon.
    21 | D        | Found a snail-covered altar of Cheibriados.
    21 | D        | Found a blossoming altar of Fedhas.
    21 | D        | Found a radiant altar of Vehumet.
    21 | D        | Found a glowing silver altar of Zin.
    21 | D        | Found a corrupted altar of Lugonu.
    21 | D        | Found a viscous altar of Jiyva.
    21 | D        | Found a roughly hewn altar of Beogh.
    21 | D        | Found an iron altar of Okawaru.
    27 | D        | Found a stormy altar of Qazlal.
    27 | D        | Found an opulent altar of Gozag.
    29 | D        | Became a worshipper of Warmaster Okawaru
    29 | D        | Reached * piety under Okawaru
    29 | D        | Reached ** piety under Okawaru
    51 | D        | Reached skill level 6 in Unarmed Combat
    51 | D        | Reached XP level 2. HP: 26/26 MP: 1/1
    82 | D        | Slain by a giant gecko

Table legend:
 A = Turns spent in this place as a percentage of turns spent in the entire game.
 B = Non-inter-level travel turns spent in this place as a percentage of non-inter-level travel turns spent in the entire game.
 C = Inter-level travel turns spent in this place as a percentage of turns spent in this place.
 D = Turns resting spent in this place as a percentage of non-inter-level travel turns spent in this place.
 E = Turns spent auto-exploring this place as a percentage of non-inter-level travel turns spent in this place.
 F = Non-inter-level travel turns spent in this place divided by the number of levels of this place that you've seen.
                   A       B       C       D       E      F
               +-------+-------+-------+-------+-------+----------------------
         Total | 100.0 | 100.0 |   0.0 |   0.0 |   0.0 |  86.0
       Dungeon | 100.0 | 100.0 |   0.0 |   0.0 |   0.0 |  86.0
               +-------+-------+-------+-------+-------+----------------------

Table legend:
 A = Kills in this place as a percentage of kills in entire the game.
 B = Kills by you in this place as a percentage of kills by you in the entire game.
 C = Kills by friends in this place as a percentage of kills by friends in the entire game.
 D = Other kills in this place as a percentage of other kills in the entire game.
 E = Experience gained in this place as a percentage of experience gained in the entire game.
 F = Experience gained in this place divided by the number of levels of this place that you have seen.
                   A       B       C       D       E      F
               +-------+-------+-------+-------+-------+----------------------
         Total | 100.0 | 100.0 |  -nan |  -nan | 100.0 |  17.0
       Dungeon | 100.0 | 100.0 |  -nan |  -nan | 100.0 |  17.0
               +-------+-------+-------+-------+-------+----------------------

Vanquished Creatures
  A giant eyeball (D)
  2 ball pythons (D)
  A giant cockroach (D)
  A hobgoblin (D)
  A quokka (D)
6 creatures vanquished.
